Map: Thunderbird LE

Players

Cyan - Winner!

  • Race: Protoss Protoss
  • Spawn Location: 11:00

Harstem

  • Race: Protoss Protoss
  • Spawn Location: 5:00

VOD

Have the link to the VOD?

Description

Time

  • Played on: Sept. 7, 2019, 10:29 a.m.
  • Length: 10:28
Show
View Real Time Build Order
Export as new Build Order

Cyan Protoss - Winner!

Build Orders: Phoenix Opening, Blink Stalkers, Zealot Archon 

Get SALT Encoding   

  12  0:00  Probe  
  13  0:12  Probe  
  14  0:17  Pylon  
  14  0:24  Probe  
  15  0:32  Probe  
  15  0:37  Gateway  
  15  0:40  Probe  
  16  0:47  Assimilator  
  17  0:51  Probe  
  17  0:54  Assimilator  
  18  1:00  Probe  
  19  1:08  Probe  
  19  1:09  Gateway  
  19  1:17  Probe  
  20  1:25  Cybernetics Core  
  21  1:29  Probe  
  22  1:33  Pylon  
  22  1:42  Probe  
  23  1:54  Probe  
  24  2:02  Stalker x2  
  24  2:03  Warp Gate  
  28  2:10  Pylon  
  28  2:22  Pylon  
  28  2:26  Pylon  
  28  2:32  Adept x2  
  32  2:38  Probe  
  33  2:50  Probe  
  34  2:54  Nexus  
  34  3:02  Probe  
  34  3:04  Sentry x2  
  39  3:12  Pylon  
  39  3:22  Twilight Council  
  39  3:30  Probe  
  40  3:35  Forge  
  40  3:41  Phoenix  
  40  3:42  Probe  
  40  3:46  Protoss Ground Weapons Level 1  
  41  3:52  Stalker  
  41  3:53  Blink  
  41  3:54  Probe  
  44  3:55  Stalker  
  46  4:07  Probe x2  
  48  4:11  Phoenix  
  46  4:17  Probe  
  46  4:19  Probe  
  46  4:23  Stalker  
  48  4:26  Probe  
  48  4:31  Probe  
  50  4:34  Probe  
  51  4:38  Stalker  
  51  4:43  Probe  
  54  4:56  Probe  
  56  5:00  Probe  
  56  5:03  Pylon, Nexus  
  56  5:07  Assimilator  
  56  5:09  Probe, Assimilator  
  56  5:11  Probe  
  58  5:19  Probe  
  58  5:21  Probe  
  59  5:23  Gateway  
  59  5:24  Gateway  
  59  5:27  Probe  
  60  5:33  Probe  
  62  5:39  Probe  
  62  5:40  Pylon  
  62  5:41  Templar Archives  
  62  5:42  Protoss Ground Weapons Level 2  
  63  5:45  Probe  
  63  5:49  Gateway  
  64  5:52  Probe  
  64  5:54  Gateway  
  65  5:57  Probe  
  65  6:02  Charge  
  65  6:04  Probe  
  67  6:11  Probe  
  67  6:12  Probe  
  67  6:14  Probe  
  70  6:20  Probe  
  70  6:22  Probe  
  70  6:23  Probe  
  72  6:30  Probe  
  73  6:34  Probe  
  73  6:35  Gateway  
  73  6:37  Probe  
  73  6:38  Gateway  
  73  6:39  Robotics Facility  
  76  6:42  Pylon  
  76  6:43  Zealot x2  
  76  6:44  Probe  
  76  6:46  Probe  
  80  6:48  Assimilator  
  80  6:51  High Templar x2  
  80  6:52  High Templar, Assimilator  
  80  6:53  High Templar  
  88  6:55  Pylon  
  88  6:56  Archon x2  
  88  7:00  Probe  
  89  7:02  Gateway  
  89  7:05  Gateway  
  89  7:06  Pylon  
  89  7:11  Pylon  
  89  7:13  Pylon  
  89  7:16  Probe  
  89  7:17  Pylon  
  89  7:18  Warp Prism, High Templar x2  
  89  7:20  Pylon  
  94  7:23  Pylon  
  94  7:27  Archon  
  96  7:30  Zealot x2  
  96  7:34  Pylon  
  100  7:39  Zealot x2  
  100  7:41  Shield Battery  
  100  7:43  Shield Battery  
  104  7:50  High Templar x2  
  106  7:51  Zealot x3  
  106  7:55  Observer, Archon  
  106  7:57  Shield Battery  
  113  7:59  Zealot x2  
  113  8:02  High Templar x2  
  113  8:03  Zealot  
  113  8:04  Observer  
  123  8:07  Archon  
  123  8:08  Shield Battery  
  123  8:17  Shield Battery  
  123  8:18  Pylon  
  123  8:20  Zealot x4  
  123  8:22  Zealot  
  123  8:26  Zealot, High Templar x2  
  139  8:30  Archon  
  139  8:36  Zealot x2  
  141  8:41  Zealot x3  
  141  8:47  Zealot x2  
  117  8:51  Zealot  
  109  8:57  High Templar x3  
  109  9:00  High Templar  
  117  9:04  Archon  
  117  9:05  Zealot x4, Archon  
  125  9:18  Warp Prism  
  125  9:21  Stalker  
  125  9:22  Zealot  
  130  9:26  Zealot x3  
  130  9:33  Stalker  
  130  9:35  Zealot x2  
  124  10:02  Zealot x3  
  124  10:03  Zealot x5  
  124  10:04  Zealot  
  116  10:23  Zealot x6  
  116  10:24  Zealot  
  116  10:27  Zealot  
Show
View Real Time Build Order
Export as new Build Order

Harstem Protoss 

Build Orders: Phoenix Opening, Zealot Archon 

Get SALT Encoding   

  12  0:00  Probe  
  13  0:13  Probe  
  14  0:18  Pylon  
  14  0:24  Probe  
  15  0:32  Probe  
  15  0:37  Gateway  
  15  0:40  Probe  
  16  0:47  Assimilator  
  17  0:51  Probe  
  17  0:55  Assimilator  
  18  1:00  Probe  
  19  1:08  Gateway, Probe  
  19  1:17  Probe  
  20  1:24  Cybernetics Core  
  21  1:29  Probe  
  22  1:34  Pylon  
  22  1:41  Probe  
  23  1:54  Warp Gate, Probe  
  24  2:02  Sentry, Stalker  
  28  2:11  Pylon  
  28  2:12  Probe  
  29  2:30  Stalker  
  29  2:36  Phoenix  
  31  2:43  Nexus  
  31  2:46  Probe  
  31  2:50  Stalker  
  33  2:58  Probe  
  33  3:01  Sentry  
  36  3:05  Pylon  
  36  3:10  Probe  
  37  3:17  Robotics Facility  
  37  3:23  Probe  
  38  3:35  Probe  
  38  3:36  Shield Battery  
  39  3:42  Phoenix  
  39  3:43  Stalker  
  39  3:47  Probe  
  42  3:52  Forge  
  42  3:55  Probe  
  42  3:58  Probe  
  42  4:02  Shield Battery  
  44  4:03  Probe  
  45  4:11  Probe  
  45  4:13  Probe  
  45  4:14  Adept  
  45  4:15  Adept  
  49  4:19  Protoss Ground Weapons Level 1  
  49  4:23  Probe  
  50  4:25  Probe  
  50  4:26  Observer  
  52  4:35  Probe  
  52  4:37  Pylon, Probe  
  54  4:43  Twilight Council, Assimilator  
  54  4:45  Immortal, Assimilator  
  54  4:47  Probe  
  55  4:56  Probe  
  55  4:59  Probe  
  59  5:01  Sentry  
  59  5:04  Shield Battery  
  61  5:09  Phoenix  
  61  5:11  Gateway  
  61  5:12  Gateway  
  61  5:16  Probe  
  61  5:17  Probe  
  63  5:22  Immortal  
  63  5:25  Pylon  
  67  5:29  Observer  
  65  5:38  Pylon, Charge  
  65  5:44  Templar Archives  
  65  5:48  Probe  
  66  5:50  Pylon  
  66  6:00  Protoss Ground Weapons Level 2  
  66  6:11  Probe  
  67  6:14  Probe  
  67  6:17  Nexus  
  68  6:20  Gateway  
  68  6:22  Gateway  
  68  6:23  Probe  
  68  6:24  Gateway  
  68  6:25  Gateway  
  69  6:26  Probe  
  69  6:28  Pylon, Phoenix  
  70  6:34  Warp Prism  
  70  6:35  Probe  
  71  6:43  Probe  
  71  6:45  High Templar x2  
  78  6:47  Probe  
  78  6:49  Pylon  
  78  6:52  Archon  
  79  6:56  High Templar x2  
  79  6:58  Probe  
  79  6:59  Pylon, Probe  
  83  7:03  Archon  
  83  7:07  Pylon  
  83  7:10  Probe  
  83  7:14  Probe  
  85  7:22  High Templar x2  
  87  7:23  Zealot x4  
  87  7:28  Pylon  
  87  7:29  Archon  
  97  7:42  Zealot x2  
  101  7:45  Probe x2, Assimilator  
  101  7:46  Probe  
  101  7:49  Assimilator  
  104  7:56  High Templar x2  
  104  7:57  Zealot x4  
  116  8:01  Probe  
  116  8:02  Archon  
  116  8:03  Zealot x2  
  121  8:10  Probe x2  
  121  8:11  Pylon  
  123  8:13  Probe  
  123  8:18  Zealot x2, High Templar x2  
  132  8:21  Pylon  
  132  8:22  Probe  
  132  8:23  Archon  
  132  8:24  Zealot x2  
  137  8:28  Zealot  
  137  8:29  Zealot  
  141  8:42  Zealot x2  
  141  8:46  Zealot x2  
  121  8:53  Zealot x4  
  109  8:57  Probe  
  109  8:58  Robotics Bay  
  100  9:04  Probe  
  100  9:06  Zealot x4, High Templar x2  
  100  9:09  Pylon  
  113  9:10  Archon  
  113  9:13  Dark Shrine  
  111  9:22  Zealot x2  
  115  9:31  Immortal  
  115  9:32  Probe  
  115  9:33  Shield Battery  
  115  9:35  Shield Battery, High Templar x2, Zealot x2  
  115  9:36  Shield Battery x2  
  122  9:45  Archon  
  122  9:46  Zealot x4  
  121  9:53  Probe  
  121  9:58  Zealot x2  
  118  10:07  Zealot x6  
  118  10:13  Probe  
  126  10:18  Zealot x2  
Tags
 
Add a new tag
Caveats
  • Supply blocks, unpowered buildings, or Contaminate may cause inaccurate times.
  • Supply counts are checked every 10 seconds.